 Dungeon Crawl Stone Soup version 0.26-a0-540-g8a0c9464d7 (webtiles) character file.

Game seed: 4665255596575538164

13 kobby the Magician (level 2, 0/19 HPs)
             Began as a Human Wanderer on Aug 23, 2020.
             Slain by a giant cockroach (2 damage)
             ... on level 1 of the Dungeon.
             The game lasted 00:01:12 (1035 turns).

kobby the Magician (Human Wanderer)                 Turns: 1035, Time: 00:01:12

Health: 0/19       AC:  3    Str: 10    XL:     2   Next: 50%
Magic:  8/8        EV: 11    Int: 13    God:
Gold:   46         SH:  0    Dex: 13    Spells: 10/11 levels left

rFire    . . .     SeeInvis .   a - +0 dagger
rCold    . . .     Faith    .   (no shield)
rNeg     . . .     Spirit   .   j - +0 leather armour
rPois    .         Reflect  .   (no helmet)
rElec    .         Harm     .   (no cloak)
rCorr    .                      (no gloves)
MR       .....                  (no boots)
Stlth    +.........             (no amulet)
HPRegen  0.06/turn              (no ring)
MPRegen  0.11/turn              (no ring)

@: no status effects
A: no striking features
a: no special abilities


You were on level 1 of the Dungeon.
You visited 1 branch of the dungeon, and saw 1 of its levels.

You collected 46 gold pieces.

Inventory:

Hand Weapons
 a - a +0 dagger (weapon)
Armour
 d - a +0 robe
 j - a +0 leather armour (worn)
Scrolls
 e - a scroll of identify {unknown}
 f - 2 scrolls of remove curse {unknown}
 h - a scroll of blinking {unknown}
 i - a scroll of enchant armour {unknown}
Potions
 b - a potion of curing
 c - a potion of lignification
 g - a potion of brilliance {unknown}


   Skills:
 + Level 0.4 Short Blades
 + Level 0.4 Dodging
 + Level 1.0 Stealth
 + Level 5.3 Spellcasting
   Level 1.0 Hexes
   Level 1.0 Earth Magic
   Level 1.0 Poison Magic
   Level 1.0 Evocations


You had 10 spell levels left.
You knew the following spells:

 Your Spells              Type           Power        Failure   Level
a - Magic Dart            Conj           #...         26%         1

Your spell library contained the following spells:

 Spells                   Type           Power        Failure   Level
 Slow                     Hex            #.......     24%         2
 Blink                    Tloc           N/A          36%         2
 Call Imp                 Summ           #.......     36%         2
 Mephitic Cloud           Conj/Pois/Air  #.......     54%         3
 Conjure Flame            Conj/Fire      #.......     58%         3


Dungeon Overview and Level Annotations

Branches:
Dungeon (1/15)

Altars:


Message History

The giant cockroach is severely wounded.
The giant cockroach bites you but does no damage.
The giant cockroach barely misses you.
You hit the giant cockroach.
The giant cockroach is almost dead.
The giant cockroach barely misses you.
You closely miss the giant cockroach.
The giant cockroach is almost dead.
The giant cockroach misses you.
You barely miss the giant cockroach.
The giant cockroach is almost dead.
The giant cockroach bites you.
* * * LOW HITPOINT WARNING * * *
You closely miss the giant cockroach.
The giant cockroach is almost dead.
The giant cockroach closely misses you.
You hit the giant cockroach but do no damage.
The giant cockroach is almost dead.
The giant cockroach bites you.
You die...

.... .... ... .. ####
#.## ...# ..# .# ...#
#s## .# .♣♣♣♣ #@.#..#
♣♣≈<♣♣♣ ##.#..#
≈≈≈♣♣∩♣♣ #####.#..#
♣♣♣♣≈≈≈♣♣ #........#
.......#
♣≈≈≈♣♣♣≈♣####........#
......#
≈≈♣♣♣∩♣≈♣#...........#
#.....#
♣♣≈≈≈≈♣≈♣♣...........#
###.....#
♣∩≈♣♣≈♣≈∩♣...........#
#........# ♣♣≈∩♣
♣≈♣♣.....####..#
#.##.....#


You could see a giant cockroach.

Vanquished Creatures
  2 leopard geckos (D:1)
  A bat (D:1)
  A giant cockroach (D:1)
  A hobgoblin (D:1)
  A kobold (D:1)
  A frilled lizard (D:1)
  A goblin (D:1)
  3 rats (D:1)
11 creatures vanquished.

Notes
Turn   | Place    | Note
-------+----------+-------------------------------------------
     0 | D:1      | kobby the Human Wanderer began the quest for the Orb.
     0 | D:1      | kobby set off with the following items: a +0 dagger, a
                  | potion of curing, a potion of lignification, a +0 robe; and
                  | the following spell memorised: Magic Dart; and the
                  | following spells available to memorise: Slow, Blink, Call
                  | Imp, Mephitic Cloud, Conjure Flame
     0 | D:1      | Reached XP level 1. HP: 13/13 MP: 6/6
   504 | D:1      | Reached XP level 2. HP: 19/19 MP: 8/8
  1035 | D:1      | Slain by a giant cockroach

Illustrated notes

Levels and vault maps discovered:
D:1:      nagdon_arrival_double_spiral, layout_basic, chequers_garden

Action                   || total
-------------------------++-------
Melee: Dagger            ||    95
Armor: Robe              ||    31
       Leather armour    ||     8
Dodge: Dodged            ||    69

Table legend: (Time is in decaauts)
 A = Elapsed time spent in this place.
 B = Non-inter-level travel time spent in this place.
 C = Inter-level travel time spent in this place.
 D = Time resting spent in this place.
 E = Time spent auto-exploring this place.
 F = Levels seen in this place.
 G = Mean time per level.
                   A        B        C        D        E       F      G
               +--------+--------+--------+--------+--------+-----+--------+
         Total |   1063 |   1063 |      0 |    244 |    634 |   1 | 1063.0 |
       Dungeon |   1063 |   1063 |      0 |    244 |    634 |   1 | 1063.0 |
               +--------+--------+--------+--------+--------+-----+--------+

Top non-repeatable levels by time:
     D:1: 1063 daAuts
